 Dungeon Crawl Stone Soup version 0.28-a0-1524-ge72afd5fc6 (webtiles) character file.

Game seed: 11920487673520688771

409 porpoise the Magician (level 7, -19/52 HPs)
             Began as a Djinni Conjurer on Jan 18, 2022.
             Was an Initiate of Ashenzari.
             Demolished by an ice beast (21 damage)
             ... on level 4 of the Dungeon.
             The game lasted 00:16:10 (5864 turns).

porpoise the Magician (Djinni Conjurer)             Turns: 5864, Time: 00:16:13

Health: -19/52     AC:  2    Str:  8    XL:     7   Next: 13%
Gold:   1          EV: 12    Int: 20    God:    Ashenzari [......] SH:  0 Dex: 11

rFire   + + .      SeeInvis .   a - +1 short sword
rCold   x . .      Faith    .   (no shield)
rNeg    + . .      Spirit   .   z - +0 robe {Will+}
rPois   ∞          Reflect  .   (no helmet)
rElec   .          Harm     .   (no cloak)
rCorr   .          Rampage  .   (no gloves)
Will    +....                   (boots unavailable)
Stlth   ++........              (no amulet)
HPRegen 0.17/turn               c - +4 ring of slaying
MPRegen 0.00/turn               f - ring of positive energy

@: flying
A: sickness immunity, fire resistance 2, cold vulnerability 1, float, innate
caster, hp casting, extra vitality 1
a: Renounce Religion


You were on level 4 of the Dungeon.
You worshipped Ashenzari.
Ashenzari was noncommittal.
You visited 2 branches of the dungeon, and saw 5 of its levels.
You also visited: Sewer.

You collected 189 gold pieces.
You spent 188 gold pieces at shops.

Inventory:

Hand Weapons
 a - a +1 short sword (weapon)
Missiles
 d - 51 stones
 e - a throwing net
 g - 35 sling bullets
 j - 12 bolts
 m - 4 boomerangs
 x - 26 arrows
Armour
 l - the +1 ring mail of the Arcane {Str+2 SInv}
   (You found it on level 4 of the Dungeon)

   Str:       It affects your strength (+2).
   SInv:      It lets you see invisible.
 z - a +0 robe of willpower (worn)
Jewellery
 c - a +4 ring of slaying (left hand)
 f - a ring of positive energy (right hand)
Wands
 y - a wand of polymorph (11)
Scrolls
 b - 5 scrolls of teleportation
 p - a scroll of magic mapping
 q - a scroll of noise
 u - 2 scrolls of enchant weapon
Potions
 h - a potion of might
 i - a potion of curing
 k - 4 potions of berserk rage
 n - 3 potions of cancellation
 o - a potion of flight {unknown}
 r - a potion of lignification {unknown}
 s - a potion of attraction {unknown}
 t - a potion of invisibility {unknown}
 v - a potion of resistance {unknown}
 w - a potion of mutation {unknown}
 A - a potion of haste


   Skills:
 * Level 4.1 Fighting
 - Level 2.1 Dodging
 + Level 3.1 Stealth
 * Level 4.6 Spellcasting


You couldn't memorise any spells.
You knew the following spells:

 Your Spells              Type           Power      Damage    Failure   Level
a - Magic Dart            Conj           92%        1d7       1%          1
b - Searing Ray           Conj           46%        2d6       2%          2
c - Fulminant Prism       Conj/Hex       11%        3d9       17%         4
d - Iskenderun's Mystic   Conj/Tloc      23%        2d6       17%         4
f - Foxfire               Conj/Fire      92%        2x1d8     1%          1
h - Dazzling Flash        Conj/Hex       46%        N/A       5%          3
i - Ignite Poison         Fire/Tmut/Pois 23%        N/A       5%          3
r - Scorch                Fire           46%        2d7       2%          2
Your spell library was empty.

Dungeon Overview and Level Annotations

Branches:
Dungeon (4/15)             Temple (1/1) D:4           Sewer (visited)

Altars:
Ashenzari
Elyvilon
Gozag
Hepliaklqana
Kikubaaqudgha
Sif Muna
Wu Jian

Shops:
D:2 ((:(*


Innate Abilities, Weirdness & Mutations

You are immune to sickness and miasma.
You are immune to poison.
Your flesh is very heat resistant. (rF++)
You are vulnerable to cold. (rC-)
You float through the air rather than walking.
You learn spells naturally, not from books.
Your magical power is your life essence.
You have superior vitality. (+4 MHP)


Message History

The ice beast is lightly wounded. (Press . to maintain the ray.) Unknown command.
The searing ray hits the ice beast!
The ice beast is heavily wounded.
The ice beast closely misses you.
The searing ray misses the ice beast.
The ice beast closely misses you.
The searing ray hits the ice beast but does no damage.
The ice beast is heavily wounded.
You finish channelling your searing ray.
The ice beast hits you. The ice beast freezes you!
You feel a terrible chill!
Casting: Searing Ray (safe; 2% risk of failure)
Confirm with . or Enter, or press ? or * to list all spells.
Aiming: Searing Ray (safe; 2% risk of failure)
Press: ? - help, Shift-Dir - straight line, f/p - ice beast
Aim: an ice beast (heavily wounded, 78% to hit)
The searing ray misses the ice beast. (Press . to maintain the ray.)
The ice beast hits you. The ice beast freezes you!
You feel a terrible chill!
* * * LOW HITPOINT WARNING * * *
The searing ray hits the ice beast.
The ice beast is severely wounded.
* * * LOW HITPOINT WARNING * * *
The ice beast hits you but does no damage.
The searing ray hits the ice beast.
The ice beast is severely wounded.
* * * LOW HITPOINT WARNING * * *
The ice beast hits you.
* * * LOW HITPOINT WARNING * * *
The ice beast freezes you!
You feel a terrible chill!
* * * LOW HITPOINT WARNING * * *
Okay, then.
The searing ray hits the ice beast.
The ice beast is severely wounded.
* * * LOW HITPOINT WARNING * * *
You finish channelling your searing ray.
The ice beast hits you.
* * * LOW HITPOINT WARNING * * *
The ice beast freezes you!!
You feel a terrible chill!
You die...

#.##.#.#.#.#.#.#.#.#.#.#.#.#.#+
#.##...>#.#.#.#.#.#.#.#.#.#.#.#
#.####.#.#.#.#.#.#.#####.#####.
#.# #..#.#.#.#.#.##≈≈####≈≈###
#.# ###.#"#.#.#...≈≈≈≈≈≈≈≈≈≈#.
#.# #.#.#.#.#.#.##≈≈####≈≈###
#.# ##.#.#.#.#.#.####≈≈##≈##.
#.# #.#.#.#.#.#.##≈≈≈≈≈≈#≈#.#
#.# ##.#.#.#@#.#.#≈≈≈≈.≈#≈##.
#.# #.#.#.#Y#.#.##≈##≈≈##≈#.#
#.# ##.#.#.#.#.###≈≈####≈≈##.
#.# #.#.#.#.#.#.#≈≈≈≈≈≈≈≈≈≈#.
#.# ##..........##≈≈####≈≈##.
#.# #..#############..####..
#.# #............#.#'## ###.
#.# ##.###...###.#.#.# #... #.#
#.##....'...#.#.# #...


You could see an ice beast.

Vanquished Creatures
  Pargi (Sewer)
  An ogre (D:4)
  A centaur zombie (D:3)
  A hound skeleton (D:4)
  4 gnolls (D:4)
  4 adders
  A river rat (D:4)
  3 worms
  3 dart slugs
  4 orcs (D:4)
  6 ball pythons
  5 bats
  6 endoplasms
  3 giant cockroaches
  9 hobgoblins
  2 jackals (D:2)
  8 quokkas
  8 frilled lizards
  8 goblins
  6 kobolds
  9 rats
93 creatures vanquished.

Vanquished Creatures (others)
  2 plants (D:3)
2 creatures vanquished.

Grand Total: 95 creatures vanquished

Notes
Turn   | Place    | Note
-------+----------+-------------------------------------------
     0 | D:1      | porpoise the Djinni Conjurer began the quest for the Orb.
     0 | D:1      | Reached XP level 1. HP: 15/15 MP: 0/0
   298 | D:1      | Reached XP level 2. HP: 13/22 MP: 0/0
   496 | D:1      | Reached skill level 1 in Fighting
  1200 | D:2      | Reached XP level 3. HP: 22/27 MP: 0/0
  1200 | D:2      | Learned a level 1 spell: Foxfire
  1441 | D:2      | Found Tepto's Weapon Boutique.
  1556 | D:2      | Found Exay's Book Shop.
  1614 | D:2      | Found Lotysche's Weapon Boutique.
  1833 | D:2      | Found Byrase's Antique Weapon Emporium.
  2184 | D:2      | Reached XP level 4. HP: 31/33 MP: 0/0
  2409 | D:2      | Found Goucuogh's Assorted Antiques.
  2416 | D:2      | Bought a fuming purple potion for 23 gold pieces
  2416 | D:2      | Bought 2 yellow potions for 46 gold pieces
  3188 | D:3      | Found a faded altar of an unknown god.
  3436 | D:4      | Reached XP level 5. HP: 31/39 MP: 0/0
  3436 | D:4      | Learned a level 2 spell: Scorch
  3638 | D:4      | Noticed an ice beast
  3734 | D:4      | Found a glowing drain.
  3874 | Sewer    | Entered a sewer
  3946 | Sewer    | Noticed Pargi
  3992 | Sewer    | Killed Pargi
  3993 | Sewer    | Reached XP level 6. HP: 37/46 MP: 0/0
  4439 | D:4      | Noticed an ogre
  4446 | D:4      | Killed an ogre
  4823 | D:2      | Bought a glowing robe for 96 gold pieces
  4823 | D:2      | Bought a ruby potion for 23 gold pieces
  4924 | D:4      | Found a staircase to the Ecumenical Temple.
  4937 | D:4      | Reached XP level 7. HP: 43/52 MP: 0/0
  4937 | D:4      | Learned a level 3 spell: Ignite Poison
  5130 | Temple   | Entered the Ecumenical Temple
  5329 | Temple   | Became a worshipper of Ashenzari the Shackled
  5523 | D:4      | Identified the +1 ring mail of the Arcane {Str+2 SInv}
  5864 | D:4      | HP: 2/52 [ice beast (1)]
  5864 | D:4      | Demolished by an ice beast

Illustrated notes

Levels and vault maps discovered:
D:1:      erik_arrival_triangle_small, layout_basic
D:2:      kennysheep_the_goblin_king, layout_basic, serial_aquarium,
          aquarium_bridge_long_separate [aquarium_subvault_window,
          aquarium_subvault_wall, aquarium_subvault_bridge,
          aquarium_subvault_window, aquarium_subvault_window,
          aquarium_subvault_bridge], aquarium_window_fake, aquarium_window_2,
          aquarium_view_2c, aquarium_view_2e, aquarium_balcony_3a,
          aquarium_pool_side, serial_shops, shop,
          nicolae_shop_bloodbath_and_beyond, shop,
          nicolae_shop_overgrown_old_shop, nicolae_square_shop
D:3:      layout_rooms, shapermc_ecumenical_altar_mp_urbaneastern
D:4:      layout_basic, minmay_temple_entry_overgrown, gup_sewer_entry_bubbles
Temple:   mainiacjoe_temple_trianglar_array

Skill      XL: |  1  2  3  4  5  6 |
---------------+-------------------+-----
Fighting       | 1 2 3 4 |  4.1
Stealth        | 2 3 |  3.1
Spellcasting   | 4 |  4.6
Dodging        | |  2.1

Action                   |  1- 3 |  4- 6 |  7- 9 || total
-------------------------+-------+-------+-------++-------
Melee: Short sword       |       |     1 |       ||     1
 Cast: Magic Dart        |    69 |    28 |     3 ||   100
       Searing Ray       |     2 |    32 |     5 ||    39
  Use: Scroll            |       |    12 |       ||    12
 Stab: Sleeping          |       |     1 |       ||     1
Armor: Robe              |       |     6 |     1 ||     7
Dodge: Dodged            |     5 |    18 |     2 ||    25

Table legend: (Time is in decaauts)
 A = Elapsed time spent in this place.
 B = Non-inter-level travel time spent in this place.
 C = Inter-level travel time spent in this place.
 D = Time resting spent in this place.
 E = Time spent auto-exploring this place.
 F = Levels seen in this place.
 G = Mean time per level.
                   A        B        C        D        E       F      G
               +--------+--------+--------+--------+--------+-----+--------+
         Total |   5866 |   5512 |    354 |   2045 |   2720 |   6 |  977.7 |
       Dungeon |   5280 |   4987 |    293 |   1915 |   2507 |   4 | 1320.0 |
        Temple |    262 |    201 |     61 |      0 |    180 |   1 |  262.0 |
         Sewer |    322 |    322 |      0 |    130 |     33 |   1 |  322.0 |
               +--------+--------+--------+--------+--------+-----+--------+

Top non-repeatable levels by time:
     D:4: 1768 daAuts
     D:2: 1757 daAuts
     D:1: 1163 daAuts
     D:3: 591 daAuts
   Sewer: 322 daAuts
  Temple: 262 daAuts
